AoeStats
← MatPy

Arabia

507738366Analyzed
1v1 RM · 11d ago on Sep 19, 2026· 60m 51s· 2 players
Game mode
Random Map
Map size
Tiny (2 player)
Population
200
Speed
Normal
Resources
Standard
Victory
Conquest
Starting age
Dark Age
Ending age
Imperial Age
RankedLock teamsTeams togetherTeam positionsShared explorationLock speedFull tech treeHidden civsTurbo modeCheats
Victory
Defeat
🇦🇷 Hindustanis · Argentina
1431
+13
🇫🇷 Vietnamese · France
1367
-13
ZePP
6:57 Loom
9:18 Feudal Age
9:55 Double-Bit Axe
10:25 Horse Collar
10:41 Man-at-Arms
18:29 Wheelbarrow
21:20 Castle Age
20:35 Scale Barding Armor
22:13 Bloodlines
22:15 Forging
22:18 Bow Saw
21:47 Light Cavalry
23:12 Husbandry
27:25 Chain Barding Armor
28:05 Town Watch
39:52 Imperial Age
38:52 Iron Casting
39:07 Hand Cart
40:23 Scale Mail Armor
40:33 Squires
40:10 Hussar
42:08 Chain Mail Armor
41:43 Arson
43:04 Conscription
44:58 Blast Furnace
47:13 Chemistry
46:50 Grand Trunk Road
46:44 Gold Mining
47:14 Padded Archer Armor
48:02 Masonry
48:37 Heavy Plow
50:26 Fletching
51:38 Bodkin Arrow
51:48 Shatagni
55:49 Leather Archer Armor
57:21 Ring Archer Armor
58:12 Plate Barding Armor
57:52 Heavy Cavalry Archer
59:36 Bracer
60:11 Thumb Ring
59:31 Elite Skirmisher
MatPy
6:09 Loom
8:55 Feudal Age
10:06 Double-Bit Axe
12:12 Horse Collar
13:18 Fletching
22:10 Castle Age
20:57 Wheelbarrow
20:33 Gold Mining
21:23 Padded Archer Armor
22:11 Crossbowman
22:47 Bodkin Arrow
23:49 Bow Saw
24:35 Ballistics
24:30 Thumb Ring
25:52 Heavy Plow
30:31 Hand Cart
30:57 Town Watch
33:05 Leather Archer Armor
38:16 Imperial Age
39:15 Bracer
40:45 Pikeman
41:26 Squires
41:35 Squires
41:13 Arbalester
42:18 Elite Fire Lancer
44:40 Scale Mail Armor
45:37 Chain Mail Armor
47:54 Plate Mail Armor
53:00 Scale Barding Armor
55:10 Light Cavalry
56:01 Bloodlines
55:52 Husbandry
56:56 Chain Barding Armor
57:13 Forging
58:13 Plate Barding Armor
59:33 Iron Casting
Connection lost

Rejoining the realm…

Still unreachable

The connection could not be restored.

Session expired

The server has moved on; the page needs a fresh start.